 Dungeon Crawl Stone Soup version 0.30.1-11-g7821555f0a (webtiles) character file.

Game seed: 13227285734579411251

83679 pkoi the Black Belt (level 15, 0/117 HPs)
             Began as a Black Draconian Monk on Oct 29, 2023.
             Was the Champion of Hepliaklqana.
             Slain by an alligator (18 damage)
             ... called by a spriggan druid
             ... on level 3 of the Swamp on Oct 30, 2023.
             The game lasted 01:03:23 (33104 turns).

pkoi the Black Belt (Black Draconian Monk)         Turns: 33104, Time: 01:03:23

Health: 0/117      AC: 14    Str: 13    XL:     15   Next: 33%
Magic:  9/24       EV: 17    Int: 17    God:    Hepliaklqana [******]
Gold:   624        SH:  0    Dex: 15    Spells: 8/26 levels left

rFire   + .          .
                       - Unarmed
rCold   + + .        (no shield)
rNeg    . . .        (body armour unavailable)
rPois   +            r - +2 hat
rElec   +            q - scarf {rC+ rF+}
rCorr   .            (no gloves)
SInv    .            U - +2 pair of boots
Will    ++...        Q - amulet of regeneration
Stlth   ++++         f - ring of poison resistance
HPRegen 1.19/turn    s - ring "Ruheumul" {Wiz rC+ Will+ Slay+2}
MPRegen 0.19/turn

%: wizardry (x1)
@: flying, studying Short Blades
A: reduced essence, breathe lightning, AC +9, unfitting armour, big wings,
electricity resistance, cold-blooded
a: Breathe Lightning, Renounce Religion, Recall Ancestor, Ancestor Identity,
Transference, Idealise


You were on level 3 of the Swamp.
You worshipped Hepliaklqana.
Hepliaklqana was exalted by your worship.
You visited 5 branches of the dungeon, and saw 22 of its levels.
You also visited: Sewer and Bailey.

You collected 1982 gold pieces.
You spent 1358 gold pieces at shops.

Inventory:

Hand Weapons
 b - the +9 sling "Sasothox" {drain, rPois rN+ Will+ SInv}
   (You took it off an orc on level 3 of the Dungeon)

   rPois:     It protects you from poison.
   rN:        It protects you from negative energy.
   SInv:      It lets you see invisible.
   Will:      It increases your willpower.
 B - the +3 rapier of Eternal War {venom, rC+}
   (You found it in a sewer)

   rC:        It protects you from cold.
Missiles
 a - 84 poisoned darts
 m - 21 boomerangs
 p - 2 javelins
 y - 4 throwing nets
 E - 9 curare-tipped darts
Armour
 q - a scarf of resistance (worn)
 r - a +2 hat (worn)
 z - an orb of light
 U - a +2 pair of boots (worn)
Jewellery
 f - a ring of poison resistance (left hand)
 g - a ring of magical power
 s - the ring "Ruheumul" (right hand) {Wiz rC+ Will+ Slay+2}
   (You bought it in a shop on level 5 of the Dungeon)

   [ring of wizardry]

   It improves your spell success rate.
   Slay:      It affects your accuracy & damage with ranged weapons and melee
   (+2).
   rC:        It protects you from cold.
   Will:      It increases your willpower.
 t - an amulet of the acrobat
 I - an amulet of reflection
 K - a ring of positive energy
 Q - an amulet of regeneration (around neck)
 T - a ring of protection from fire
Wands
 l - a wand of roots (20)
 G - a wand of light (4)
 H - a wand of flame (30)
 J - a wand of paralysis (14)
 L - a wand of polymorph (11)
 M - a wand of digging (8)
 S - a wand of mindburst (17)
Scrolls
 c - 7 scrolls of fog
 e - 8 scrolls of teleportation
 j - 2 scrolls of enchant weapon
 n - 3 scrolls of fear
 u - 2 scrolls of amnesia
 x - a scroll of butterflies
 D - 3 scrolls of enchant armour
 F - a scroll of acquirement
 N - 7 scrolls of identify
 R - a scroll of blinking
Potions
 d - 5 potions of berserk rage
 h - 7 potions of cancellation
 i - 4 potions of curing
 k - 6 potions of brilliance
 o - 5 potions of haste
 v - a potion of resistance
 w - 3 potions of heal wounds
 A - 4 potions of might
 C - 4 potions of ambrosia
 P - 2 potions of magic


   Skills:
 + Level 11.3 Fighting
 + Level 10.6 Dodging
 + Level 7.4 Stealth
 + Level 15.7 Unarmed Combat
 - Level 6.0 Spellcasting
 - Level 6.5 Conjurations
 - Level 5.0 Ice Magic
 - Level 13.0 Air Magic
 - Level 2.8 Poison Magic
 + Level 6.0 Invocations


You had 8 spell levels left.
You knew the following spells:

 Your Spells              Type           Power      Damage    Failure   Level
a - Ozocubu's Armour      Ice            22%        N/A       1%          3
b - Mephitic Cloud        Conj/Pois/Air  30%        N/A       1%          3
c - Airstrike             Air            24%        2d(4-20)  1%          4
d - Swiftness             Air            49%        N/A       1%          3
e - Arcjolt               Conj/Air       19%        1d29      2%          5

Your spell library contained the following spells:

 Spells                   Type           Power      Damage    Failure   Level
 Kiss of Death            Conj/Necr      64%        2d10      1%          1
 Magic Dart               Conj           100%       1d8       1%          1
 Shock                    Conj/Air       100%       1d9       1%          1
 Poisonous Vapours        Pois/Air       62%        N/A       1%          2
 Searing Ray              Conj           54%        2d6       1%          2
 Vhi's Electric Charge    Tloc/Air       54%        N/A       1%          3
 Dazzling Flash           Conj/Hex       32%        N/A       4%          3
 Freezing Cloud           Conj/Ice/Air   16%        6-21      4%          5
 Summon Small Mammal      Summ           20%        N/A       5%          1
 Call Imp                 Summ           10%        N/A       8%          2
 Sublimation of Blood     Necr           5%         N/A       8%          2
 Wereblood                Tmut           5%         N/A       8%          2
 Fulminant Prism          Conj/Hex       8%         3d7       13%         4
 Iskenderun's Mystic Bla  Conj/Tloc      16%        2d5       13%         4
 Call Canine Familiar     Summ           5%         N/A       16%         3
 Confusing Touch          Hex            5%         N/A       16%         3
 Summon Guardian Golem    Hex/Summ       5%         N/A       16%         3
 Volatile Blastmotes      Fire/Tloc      10%        2d10      16%         3
 Dispel Undead            Necr           5%         3d7       43%         4
 Plasma Beam              Fire/Air       13%        2x1d27    45%         6
 Summon Forest            Summ/Tloc      2%         N/A       77%         5
 Starburst                Conj/Fire      8%         6d4       87%         6
 Orb of Destruction       Conj           13%        9d7       95%         7
 Eringya's Noxious Bog    Tmut/Pois      4%         N/A       98%         6
 Ozocubu's Refrigeration  Ice            11%        4d9       99%         7
 Spellforged Servitor     Conj/Summ      8%         N/A       100%        7
 Summon Hydra             Summ           2%         N/A       100%        7


Dungeon Overview and Level Annotations

Branches:
Dungeon (11/15)            Temple (1/1) D:4            Lair (5/5) D:9
  Swamp (3/4) Lair:3       Spider (0/4) Lair:2        Slime (0/5) Lair:5
    Orc (2/2) D:9           Sewer (visited)          Bailey (visited)
    Elf: Orc:2

Altars:
Ashenzari
Cheibriados
Dithmenos
Elyvilon
Fedhas
Gozag
Hepliaklqana
Kikubaaqudgha
Makhleb
Nemelex Xobeh
Okawaru
Qazlal
Ru
Sif Muna
Trog
Uskayaw
Vehumet
Wu Jian
Xom
Yredelemnul
Zin
The Shining One
Jiyva

Shops:
D:4 !?[(*   D:5 =


Innate Abilities, Weirdness & Mutations

Your life essence is reduced to manifest your ancestor. (-10% HP)
You can breathe wild blasts of lightning.
Your glossy black scales are hard. (AC +9)
You cannot fit into any form of body armour.
Your large and strong wings let you fly.
You are resistant to electric shocks. (rElec)
You are cold-blooded and may be slowed by cold attacks.


Message History

Casting: Arcjolt (dangerous; 2% risk of failure)
Confirm with . or Enter, or press ? or * to list all spells.
Electricity surges outward!
The alligator is struck by an electric surge.
The alligator is lightly wounded.
The alligator is struck by an electric surge!
The alligator is moderately wounded.
The spriggan rider is struck by an electric surge!!
The spriggan rider is heavily wounded.
The spriggan druid is struck by an electric surge!!
With its final breath, the spriggan druid offers up its power to the beasts of the wild!
The alligator is healed. x2
The alligator seems to grow more fierce. x2
You kill the spriggan druid!
You hear a splash. x2
The spriggan is struck by an electric surge.
The spriggan is moderately wounded.
The alligator bites you but does no damage.
The alligator tail-slaps you!
The spriggan rider hits you from afar with a +0 spear.
The alligator barely misses you.
The alligator tail-slaps you but does no damage.
The alligator bites you!!!
* * * LOW HITPOINT WARNING * * *
The alligator tail-slaps you!
* * * LOW HITPOINT WARNING * * *
Unknown command.
Unknown command.
Casting: Arcjolt (dangerous; 2% risk of failure)
Confirm with . or Enter, or press ? or * to list all spells.
Electricity surges outward!
The alligator is struck by an electric surge!!
The alligator is moderately wounded.
The alligator is struck by an electric surge!!
The alligator is moderately wounded.
The spriggan rider is struck by an electric surge!!
The spriggan rider is almost dead.
The alligator bites you but does no damage.
The alligator tail-slaps you!!
You die...

♣♣♣♣..~~...♣ .~§ ♣♣<~~....♣♣~♣
...~~ ♣♣♣.~~~.~♣~..♣♣♣♣♣ .~....
♣♣...~~§~....~.♣~~♣♣.~.^~~
♣..~~~~~~~~~~~~......~~~.~♣
..~~~~~~~~~~.§~~~~~~~~~~§.~
~~~.~~~~~...~§~~~~~~~~~~~~.
~~~~♣.~~.§...~.~~~~~~§~~~.
~~.~~♣...~.~~~~.@t..~.~.♣♣
..~♣♣♣.~~~~~~~§~t.i~~~~.♣
.§.♣♣♣~~~~~~~~~~~i)~~~~.♣
§~~♣♣.~~~~~~~~~~~~~~...♣♣
~§§♣♣.~~~~~~~~~~~~~~~..♣
.~.♣~.~~~~~~~....~§~~.♣♣
~~.♣~...~~~~.~♣♣~~.~.>.♣♣♣ ♣♣♣♣♣
...~~§..~~§....♣♣...~~...♣♣♣.~.♣
.(.♣♣♣.♣♣.~♣...~♣~..~~~..)..~~.♣


You could see 2 alligators, a spriggan rider and a spriggan.

Vanquished Creatures
  A fenstrider witch (Swamp:2)
  Nessos (Lair:4)
  4 eleionomae
  3 bunyips
  4 hydras
  An ogre mage (Orc:2)
  2 boulder beetles
  4 death yaks
  2 two-headed ogres
  3 alligators (Swamp:1)
  Sonja (Lair:3)
  Nergalle (Lair:1)
  3 spriggan druids
  5 goliath frogs
  2 bog bodies
  Pikel (D:4)
  2 orc knights
  A manticore (D:10)
  An orc sorcerer (Orc:1)
  A cyclops (D:11)
  3 will-o-the-wisps
  7 elephants
  4 black mambas
  The ghost of eurytides the Poker, a novice MiFi of Ashenzari (D:6)
  9 cane toads
  A torpor snail (Lair:5)
  2 rime drakes
  5 komodo dragons
  A bloated husk (Swamp:1)
  8 hornets
  A meliai (Lair:2)
  4 tyrant leeches (Swamp:1)
  2 trolls
  Grinder (Sewer)
  2 polar bears
  2 blink frogs (Lair:1)
  Prince Ribbit (D:7)
  5 dream sheep
  20 spriggans
  Sigmund (D:4)
  7 wyverns
  28 yaks
  2 wraiths (D:11)
  A basilisk (Lair:1)
  4 vampire mosquitoes
  The ghost of laqueoix the Conjurer, an amateur BaCj (D:4)
  A steam dragon (Lair:1)
  A warg (D:9)
  9 swamp worms
  Duvessa (D:4)
  7 water moccasins
  18 orc warriors
  5 black bears
  An ice beast (D:6)
  A sky beast (D:7)
  23 wolves
  11 ogres
  3 boggarts (Lair:5)
  9 centaurs
  A lemure (D:4)
  3 phantoms
  6 kobold brigands
  4 gnoll sergeants
  9 bullfrogs
  4 scorpions
  4 wights
  2 hexers
  Dowan (D:4)
  5 killer bees
  2 electric eels
  4 howler monkeys (D:10)
  5 hounds
  10 orc priests
  2 gnoll boudas
  A jelly (D:6)
  Ijyb (D:4)
  Jessica (D:2)
  4 iguanas
  Natasha (twice) (D:4)
  Terence (D:2)
  8 orc wizards
  4 adders
  18 gnolls
  3 shadow imps (Sewer)
  A white imp (D:5)
  5 ufetubi
  An adder zombie (Sewer)
  4 worms
  3 dart slugs
  58 orcs
  15 ball pythons
  8 bats
  A bat zombie (Sewer)
  8 endoplasms
  4 giant cockroaches
  10 goblins
  3 hobgoblins
  6 jackals
  42 kobolds
  6 quokkas
  3 frilled lizards
  A kobold zombie (Sewer)
  6 rats
546 creatures vanquished.

Vanquished Creatures (collateral kills)
  An eleionoma (Swamp:1)
  4 hydras
  A catoblepas (Lair:3)
  An alligator (Swamp:2)
  A death yak (Lair:4)
  A skyshark (Lair:2)
  A spriggan druid (Swamp:2)
  A bog body (Swamp:1)
  An orc knight (Orc:2)
  7 elephants
  A will-o-the-wisp (Swamp:3)
  A guardian serpent (Lair:1)
  2 black mambas
  Maurice (D:10)
  2 cane toads
  2 komodo dragons
  A torpor snail (D:9)
  5 hornets
  A troll (D:9)
  3 polar bears
  A tyrant leech (Swamp:1)
  2 blink frogs
  2 dream sheep
  12 yaks
  2 spriggans
  A wraith (D:11)
  2 wyverns
  A basilisk (Lair:3)
  2 wargs
  6 water moccasins
  2 swamp worms (Swamp:1)
  2 black bears (Lair:5)
  8 orc warriors
  2 sky beasts (D:6)
  4 ogres
  5 wolves
  2 centaurs (Orc:2)
  2 kobold brigands
  4 gnoll sergeants
  6 bullfrogs
  A scorpion (D:4)
  The ghost of GreenGuy14 the Shield-Bearer, a weakling MiFi (D:3)
  4 killer bees
  2 orc priests (Orc:1)
  A gnoll bouda (D:7)
  3 hounds
  Natasha (D:4)
  8 orc wizards
  11 gnolls
  A shadow imp (D:7)
  An ufetubus (D:6)
  20 orcs
  A goblin (D:4)
  4 kobolds
165 creatures vanquished.

Vanquished Creatures (others)
  20 hexers
  11 foxfires
31 creatures vanquished.

Grand Total: 742 creatures vanquished

Notes
Turn   | Place    | Note
-------+----------+-------------------------------------------
     0 | D:1      | pkoi the Draconian Monk began the quest for the Orb.
     0 | D:1      | Reached XP level 1. HP: 19/19 MP: 1/1
   201 | D:1      | Reached XP level 2. HP: 25/26 MP: 2/2
   602 | D:1      | Reached skill level 4 in Unarmed Combat
   761 | D:1      | Found a faded altar of an unknown god.
   885 | D:2      | Reached XP level 3. HP: 31/31 MP: 3/3
   895 | D:2      | Noticed Terence
   912 | D:2      | Killed Terence
   985 | D:2      | Reached XP level 4. HP: 36/38 MP: 4/4
  1093 | D:2      | Reached skill level 5 in Unarmed Combat
  1157 | D:2      | Found a white marble altar of Elyvilon.
  1305 | D:2      | Noticed Jessica
  1312 | D:2      | Killed Jessica
  1924 | D:3      | Found a runed translucent gate.
  1925 | D:3      | Found a runed translucent gate.
  1928 | D:3      | Noticed GreenGuy14's ghost (weakling MiFi)
  1947 | D:2      | Reached XP level 5. HP: 26/45 MP: 5/5
  2050 | D:3      | Identified the +9 sling "Sasothox" {drain, rPois rN+ Will+
                  | SInv}
  2063 | D:3      | Found a runed translucent gate.
  2094 | D:3      | Reached skill level 6 in Unarmed Combat
  2629 | D:4      | Found Ysep's Antique Weapon Emporium.
  2629 | D:4      | Noticed Sigmund
  2632 | D:4      | Noticed Ijyb
  2640 | D:4      | Killed Ijyb
  2641 | D:4      | Reached XP level 6. HP: 17/51 MP: 6/6
  2645 | D:4      | Identified the +10 quarterstaff of Ywnieg {drain, *Slow
                  | rElec Will+ Int+4}
  2736 | D:4      | Found a glowing drain.
  2743 | Sewer    | Entered a sewer
  2879 | Sewer    | Reached skill level 7 in Unarmed Combat
  2934 | Sewer    | Found an ancient bone altar of Kikubaaqudgha.
  3023 | Sewer    | Noticed Grinder
  3031 | Sewer    | Killed Grinder
  3032 | Sewer    | Reached skill level 8 in Unarmed Combat
  3032 | Sewer    | Your scales start taking on a glossy black colour.
  3032 | Sewer    | Reached XP level 7. HP: 46/57 MP: 7/7
  3032 | Sewer    | Gained mutation: You are resistant to electric shocks.
                  | (rElec) [Black Draconian growth]
  3115 | Sewer    | Identified the +3 rapier of Eternal War {venom, rC+}
  3130 | D:4      | Found Couzxacw's Armour Emporium.
  3131 | D:4      | Found Ronnet's Magic Scroll Emporium.
  3157 | D:4      | Learned a level 3 spell: Ozocubu's Armour
  3180 | D:4      | Found Ihoxent's Distillery.
  3205 | D:4      | Bought a potion of curing for 30 gold pieces
  3205 | D:4      | Bought 2 potions of lignification for 60 gold pieces
  3217 | D:4      | Noticed Pikel
  3236 | D:4      | Killed Pikel
  3237 | D:4      | Reached skill level 9 in Unarmed Combat
  3237 | D:4      | Reached skill level 1 in Spellcasting
  3237 | D:4      | Reached XP level 8. HP: 41/66 MP: 7/10
  3427 | D:4      | Noticed Duvessa
  3427 | D:4      | Noticed Dowan
  3436 | D:4      | Killed Duvessa
  3451 | D:4      | Killed Dowan
  3686 | D:4      | Found a staircase to the Ecumenical Temple.
  3687 | D:4      | Found Moryowof's General Store.
  3691 | Temple   | Entered the Ecumenical Temple
  4119 | Temple   | Became a worshipper of Hepliaklqana the Forgotten
  4119 | Temple   | Reached * piety under Hepliaklqana
  4119 | Temple   | Reached ** piety under Hepliaklqana
  4120 | Temple   | Remembered your ancestor Zola as a hexer
  4279 | D:4      | Noticed Natasha
  4289 | D:4      | Killed Natasha
  4339 | D:4      | Found a runed translucent gate.
  4340 | D:4      | Found a runed translucent gate.
  4341 | D:4      | Found a runed translucent gate.
  4342 | D:4      | Noticed laqueoix's ghost (amateur BaCj)
  4432 | D:4      | Noticed Natasha
  4437 | D:4      | Killed Natasha
  4498 | D:5      | Entered Level 5 of the Dungeon
  4734 | D:5      | Reached skill level 5 in Fighting
  4898 | D:5      | Learned a level 3 spell: Mephitic Cloud
  5094 | D:5      | Reached XP level 9. HP: 66/66 MP: 13/13
  5332 | D:5      | Found Aveuskas's One-of-a-Kind Rings.
  5606 | D:6      | Identified the +2 ring mail of the Cricket {Str+4}
  5679 | D:6      | Reached skill level 5 in Dodging
  5781 | D:6      | Found a transporter.
  5782 | D:6      | Found a transporter.
  5790 | D:6      | Noticed eurytides's ghost (novice MiFi)
  5809 | D:6      | Reached *** piety under Hepliaklqana
  5885 | D:6      | Found an opulent altar of Gozag.
  6194 | D:7      | Noticed Prince Ribbit
  6204 | D:7      | Killed Prince Ribbit
  6205 | D:7      | Reached skill level 10 in Unarmed Combat
  6388 | D:7      | Found a flagged portal.
  6399 | Bailey   | Entered a bailey
  7399 | D:8      | Reached **** piety under Hepliaklqana
  7411 | D:8      | Reached XP level 10. HP: 77/77 MP: 15/15
  7598 | D:8      | Found a sparkling altar of Nemelex Xobeh.
  8391 | D:9      | Found a staircase to the Orcish Mines.
  8478 | D:9      | Reached skill level 11 in Unarmed Combat
  8500 | D:9      | Found a staircase to the Lair.
  8511 | D:9      | Reached skill level 1 in Air Magic
  8991 | D:9      | Reached XP level 11. HP: 70/87 MP: 16/16
  9264 | D:9      | Reached ***** piety under Hepliaklqana
  9493 | D:10     | Entered Level 10 of the Dungeon
  9623 | D:3      | Killed GreenGuy14's ghost
  9747 | D:4      | Noticed Natasha
  9755 | D:4      | Killed Natasha
  9796 | D:4      | Killed laqueoix's ghost
  9804 | D:4      | Reached skill level 1 in Invocations
 10151 | D:4      | Found Ronnet's Magic Scroll Emporium.
 10154 | D:4      | Found Couzxacw's Armour Emporium.
 10229 | D:4      | Found a staircase to the Ecumenical Temple.
 10230 | D:4      | Found Moryowof's General Store.
 10343 | D:4      | Found Ysep's Antique Weapon Emporium.
 10481 | D:4      | Found Ihoxent's Distillery.
 10751 | D:4      | Found Ysep's Antique Weapon Emporium.
 10789 | D:4      | Found a staircase to the Ecumenical Temple.
 10845 | D:4      | Found Moryowof's General Store.
 10895 | D:4      | Found Couzxacw's Armour Emporium.
 10898 | D:4      | Found Ronnet's Magic Scroll Emporium.
 10929 | D:4      | Found Ihoxent's Distillery.
 11464 | D:4      | Killed Sigmund
 11549 | D:6      | Killed eurytides's ghost
 11967 | D:10     | Noticed an orc knight
 11993 | D:10     | Reached skill level 5 in Air Magic
 12168 | D:10     | Noticed Maurice
 12171 | D:10     | Paralysed by Maurice for 2 turns
 12174 | D:10     | Paralysed by Maurice for 4 turns
 12190 | D:10     | Killed Maurice
 12199 | D:10     | Reached skill level 12 in Unarmed Combat
 12302 | D:10     | Noticed a two-headed ogre
 12369 | Lair:1   | Entered Level 1 of the Lair of Beasts
 12537 | Lair:1   | Noticed Nergalle
 12549 | Lair:1   | HP: 2/79 [spectral orc warrior[Nergalle] (4)]
 12552 | Lair:1   | Killed Nergalle
 13190 | Lair:1   | Reached skill level 1 in Poison Magic
 13452 | Lair:1   | HP: 2/87 [blink frog (7)]
 13951 | Lair:1   | Reached XP level 12. HP: 93/93 MP: 18/18
 14556 | Lair:1   | Noticed a boulder beetle
 14563 | Lair:1   | Noticed a boulder beetle
 14569 | Lair:1   | Killed a boulder beetle
 14805 | Lair:1   | Reached skill level 5 in Ice Magic
 14975 | Orc:1    | Entered Level 1 of the Orcish Mines
 14988 | Orc:1    | Reached skill level 13 in Unarmed Combat
 15105 | D:5      | Bought the ring "Ruheumul" {Wiz rC+ Will+ Slay+2} for 696
                  | gold pieces
 15327 | Lair:2   | Noticed a six-headed hydra
 15333 | Lair:2   | Killed a six-headed hydra
 15372 | Lair:2   | Learned a level 4 spell: Airstrike
 15733 | Lair:2   | Reached skill level 5 in Spellcasting
 15813 | Lair:2   | Found a hole to the Spider Nest.
 16150 | Lair:2   | Learned a level 3 spell: Swiftness
 16234 | Lair:2   | Noticed a six-headed hydra
 16239 | Lair:2   | Killed a six-headed hydra
 16665 | Lair:3   | Noticed a boulder beetle
 16970 | Lair:3   | Reached skill level 14 in Unarmed Combat
 17086 | Lair:3   | Killed a boulder beetle
 17270 | Lair:3   | Noticed a catoblepas
 17380 | Lair:3   | Reached skill level 1 in Stealth
 17633 | Lair:3   | Killed a catoblepas
 17762 | Lair:3   | Noticed an eight-headed hydra
 17762 | Lair:3   | Noticed an eight-headed hydra
 18002 | Lair:3   | Reached XP level 13. HP: 99/99 MP: 1/22
 18904 | Lair:3   | Reached skill level 10 in Air Magic
 19245 | Lair:3   | Found a staircase to the Swamp.
 19662 | Lair:3   | Noticed Sonja
 19664 | Lair:3   | Killed Sonja
 21038 | Lair:4   | Noticed Nessos
 21044 | Lair:4   | Killed Nessos
 21157 | Lair:4   | Reached ****** piety under Hepliaklqana
 21280 | Lair:4   | Reached skill level 1 in Conjurations
 22023 | Lair:3   | Learned a level 5 spell: Arcjolt
 22281 | Lair:4   | Reached skill level 5 in Stealth
 22396 | Lair:5   | Entered Level 5 of the Lair of Beasts
 22415 | Lair:5   | Reached skill level 15 in Unarmed Combat
 22982 | Lair:5   | Found a staircase to the Slime Pits.
 22982 | Lair:5   | Found a viscous altar of Jiyva.
 23531 | Lair:5   | Gained mutation: Your large and strong wings let you fly.
                  | [Black Draconian growth]
 23531 | Lair:5   | Reached XP level 14. HP: 99/107 MP: 23/23
 24293 | Lair:5   | Reached skill level 5 in Conjurations
 24584 | Lair:5   | Identified the +1 scale mail "Qoanuz" {Str+2}
 25773 | D:11     | Found a shadowy altar of Dithmenos.
 25803 | D:11     | Reached skill level 10 in Fighting
 25958 | D:11     | Found the +2 ratskin cloak {*Rats rPois rN+ Str-1 Int-1
                  | Dex+1}
 26215 | D:4      | Bought a scroll of acquirement for 572 gold pieces
 26440 | Orc:2    | Entered Level 2 of the Orcish Mines
 27647 | Orc:2    | HP: 5/108 [centaur/arrow (3)]
 27904 | Swamp:1  | Entered Level 1 of the Swamp
 28007 | Swamp:1  | Reached skill level 10 in Dodging
 29100 | Swamp:1  | Found a glowing silver altar of Zin.
 30704 | Swamp:1  | Reached XP level 15. HP: 85/115 MP: 22/24
 30742 | Swamp:1  | Reached skill level 5 in Invocations
 32156 | Swamp:2  | Noticed a fenstrider witch
 32207 | Swamp:2  | Killed a fenstrider witch
 33104 | Swamp:3  | Slain by an alligator

Illustrated notes

Levels and vault maps discovered:
D:1:      minmay_arrival_shoal_huts, layout_basic,
          dilly_ecumenical_altar_fadedgnrine, minivault_19,
          minmay_gold_behind_fungi, dk_noncrumbling_2, minmay_crystal_room
D:2:      layout_basic, basic_altar, uniq_terence, uniq_jessica
D:3:      layout_rooms, biasface_ghost_orc_armoury, minivault_4
D:4:      layout_basic, temple_statues, serial_shops,
          nicolae_shop_just_a_little_nook, shop, nicolae_take_the_stairs,
          nicolae_stop_n_shop_1, shop, gammafunk_ghost_nasty_kobolds,
          cheibrodos_sewer_entry_sluice, kennysheep_dice, uniq_ijyb,
          uniq_sigmund, uniq_duvessa, uniq_natasha, uniq_pikel
D:5:      layout_basic, nicolae_shop_unique_rings
D:6:      layout_loops_cross, mainiacjoe_overflow_tiny_flanked,
          gammafunk_ghost_gnarly_gnolls, grunt_ministairs_13, st_stairs_2
D:7:      layout_loops_cross, enter_bailey_3, uniq_prince_ribbit1
D:8:      layout_basic, nemelex_spade_bored_becter, minmay_misc_feat_room
D:9:      layout_long_grid, erik_lair_orcish_takeover,
          kennysheep_orc_monster_closet_entryway
D:10:     layout_cave_pods, chequers_serial_rivers_micro_b,
          minmay_mirror_moons_of_madness, uniq_maurice
D:11:     wad_pebble_path, layout_layer_cave, nicolae_dithmenos_the_darkroom,
          uniq_psyche
Temple:   mainiacjoe_temple_big_plus
Lair:1:   layout_layer_cave, hellmonk_guarded_unrand_seven_league_boots,
          serial_bayou_shore_b, grunt_megastairs_1, infiniplex_staircase_pool,
          lemuel_fruit_tree, uniq_nergalle
Lair:2:   layout_cave_pods, hellmonk_spider_entry_not_the_bees
Lair:3:   layout_chaotic_city, nicolae_swamp_entry_splash_gauntlet,
          hangedman_lair_generics_rect, uniq_sonja
Lair:4:   layout_small_grid, grunt_forest_stairs_clearing, uniq_nessos
Lair:5:   minmay_lair_end_enchanted_forest, layout_gridlike, slime_entry_1,
          grunt_megastairs_2
Swamp:1:  layout_basic_swamp, nicolae_swamp_godswood, swamp_pool1,
          water_boxes_lemuel
Swamp:2:  layout_basic_swamp, evilmike_swamp_ruin_house_4, swamp_pool1,
          nicolae_swamp_stuck_in_the_mud
Swamp:3:  layout_basic_swamp, nicolae_swamp_fairy_circle
Orc:1:    layout_caves, basic_altar, lightli_orcish_oven
Orc:2:    st_orc_rangers, layout_diamond_mine, mines4_lemuel

Skill      XL: |  1  2  3  4  5  6  7  8  9 10 11 12 13 14 15 |
---------------+----------------------------------------------+-----
Unarmed Combat | 4 5 6 8 9 10 11 12 14 15 | 15.7
Fighting       | 4 5 7 9 10 11 | 11.3
Dodging        | 3 4 6 7 9 10 | 10.6
Spellcasting   | 1 3 4 6 |  6.0
Ice Magic      | 2 3 4 5 |  5.0
Air Magic      | 3 6 9 11 12 13 | 13.0
Invocations    | 3 4 6 |  6.0
Poison Magic   | 2 |  2.8
Stealth        | 1 5 6 7 |  7.4
Conjurations   | 3 6 |  6.5

Action                     |  1- 3 |  4- 6 |  7- 9 | 10-12 | 13-15 || total
---------------------------+-------+-------+-------+-------+-------++-------
  Melee: Unarmed           |    91 |   146 |       |   380 |   622 ||  1239
         Tailslap          |    14 |    29 |    26 |    97 |   105 ||   271
         Quarterstaff      |       |    44 |   221 |   149 |       ||   414
         Punch             |       |       |       |    29 |    68 ||    97
   Fire: Sling             |       |       |       |     4 |       ||     4
  Throw: Boomerang         |       |     1 |       |     3 |       ||     4
   Cast: Airstrike         |       |       |       |    44 |   206 ||   250
         Swiftness         |       |       |       |     1 |       ||     1
         Arcjolt           |       |       |       |       |    42 ||    42
 Invoke: Recall Ancestor   |       |       |     5 |    11 |    17 ||    33
         Ancestor Life: He |       |       |     1 |       |       ||     1
         Ancestor Identity |       |       |     1 |       |       ||     1
Ability: Breathe Lightning |       |       |     3 |     2 |       ||     5
  Evoke: Wand              |       |     3 |       |    10 |     1 ||    14
    Use: Scroll            |     2 |     9 |    11 |     2 |       ||    24
         Potion            |       |     4 |     3 |     2 |     1 ||    10
   Stab: Distracted        |       |       |     1 |    13 |    15 ||    29
         Confused          |       |       |     4 |    17 |    22 ||    43
         Petrified         |       |       |       |     1 |       ||     1
         Sleeping          |       |       |       |       |     2 ||     2
 Armour: Skin              |    12 |    73 |    92 |   140 |   190 ||   507
  Dodge: Dodged            |    45 |   115 |   160 |   307 |   458 ||  1085
  Block: Orb               |       |    27 |       |       |       ||    27
         Reflection        |       |     4 |     2 |     3 |       ||     9
         Other             |       |    16 |    57 |    91 |     7 ||   171
